 Dungeon Crawl Stone Soup version 0.32-a0-33-g74fbe469d6 (webtiles) character file.

Game seed: 13269916366450541677

6194 Atlas the Thaumaturge (level 10, 0/74 (80) HPs)
             Began as a Naga Earth Elementalist on Jan 20, 2024.
             Was a Believer of Cheibriados.
             Slain by Urug
             ... wielding a +0 eveningstar of draining
              (22 damage)
             ... on level 10 of the Dungeon.
             The game lasted 00:11:22 (11210 turns).

Atlas the Thaumaturge (Naga Earth Elementalist)    Turns: 11210, Time: 00:11:23

HP:   0/74 (80)     AC:  8    Str: 14    XL:     10   Next: 91%
MP:   8/24          EV: 11    Int: 24    God:    Cheibriados [**....]
Gold: 305           SH:  0    Dex: 16    Spells: 15/29 levels left

rFire   . . .        s - +4 dire flail (drain)
rCold   . . .        (shield currently unavailable)
rNeg    + . .        y - +0 steam dragon scales
rPois   +            a - +0 helmet
rElec   .            J - +0 cloak
rCorr   .            (no gloves)
SInv    +            (no barding)
Will    +....        (no amulet)
Stlth   +++          B - ring of positive energy
HPRegen 0.32/turn    G - ring of flight
MPRegen 0.19/turn

%: no passive effects
@: short of breath, flying, drained, very slow
A: AC +3, large, see invisible, deformed body, poison resistance, slowness 2,
spit poison 1, naga tail 1
a: Spit Poison, Renounce Religion, Bend Time


You were on level 10 of the Dungeon.
You worshipped Cheibriados.
Cheibriados was pleased with you.
You visited 2 branches of the dungeon, and saw 11 of its levels.
You also visited: Ossuary.

You collected 928 gold pieces.
You spent 623 gold pieces at shops.

Inventory:

Hand Weapons
 l - a +1 whip of venom
 s - a +4 dire flail of draining (weapon)
Missiles
 L - 6 curare-tipped darts
Armour
 a - a +0 helmet (worn)
 y - +0 steam dragon scales (worn)
 J - a +0 cloak (worn)
Jewellery
 z - a ring of ice
 B - a ring of positive energy (left hand)
 G - a ring of flight (right hand)
 I - an amulet of faith
Wands
 f - a wand of acid (7)
 t - a wand of flame (20)
 A - a wand of roots (5)
 D - a wand of mindburst (12)
Scrolls
 c - 2 scrolls of vulnerability {unknown}
 g - 4 scrolls of teleportation {unknown}
 i - 3 scrolls of silence {unknown}
 j - 2 scrolls of amnesia {unknown}
 k - a scroll of enchant weapon {unknown}
 n - 8 scrolls of identify {unknown}
 p - 2 scrolls of fog {unknown}
 q - a scroll of noise {unknown}
 w - 5 scrolls of immolation {unknown}
 x - 4 scrolls of fear {unknown}
 E - a scroll of enchant armour {unknown}
 F - a scroll of brand weapon {unknown}
 H - a scroll of blinking {unknown}
 K - 2 scrolls of revelation {unknown}
Potions
 b - 2 potions of magic
 d - a potion of cancellation {unknown}
 e - 2 potions of brilliance {unknown}
 h - 2 potions of degeneration {unknown}
 m - 2 potions of might {unknown}
 o - 4 potions of heal wounds
 r - 3 potions of mutation {unknown}
 u - 3 potions of resistance {unknown}
 v - 2 potions of curing {unknown}
 C - a potion of ambrosia {unknown}
 M - a potion of haste {unknown}


   Skills:
 + Level 2.1 Fighting
 + Level 1.9 Maces & Flails
 + Level 2.5 Armour
 + Level 3.4 Dodging
 + Level 4.6 Stealth
 + Level 10.4 Spellcasting
 + Level 1.7 Conjurations
 + Level 10.1 Earth Magic


You had 15 spell levels left.
You knew the following spells:

 Your Spells              Type           Power      Damage    Failure   Level
a - Sandblast             Erth           100%       2d20      1%          1
b - Passwall              Erth           57%        N/A       1%          3
c - Stone Arrow           Conj/Erth      82%        3d12      1%          3
d - Airstrike             Air            6%         2d(1-17)  43%         4
e - Mephitic Cloud        Conj/Alch/Air  15%        N/A       12%         3

Your spell library contained the following spells:

 Spells                   Type           Power      Damage    Failure   Level
 Shock                    Conj/Air       64%        1d7       3%          1
 Freeze                   Ice            48%        1d6       4%          1
 Brom's Barrelling Bould  Conj/Erth      41%        2d6       4%          4
 Petrify                  Alch/Erth      36%        N/A       6%          4
 Mercury Vapours          Alch/Air       24%        N/A       8%          2
 Hailstorm                Conj/Ice       16%        3d6       11%         3
 Swiftness                Air            12%        N/A       14%         3
 Frozen Ramparts          Ice            24%        1d4       16%         3
 Gell's Gravitas          Tloc           12%        N/A       16%         3
 Summon Ice Beast         Ice/Summ       12%        N/A       16%         3
 Teleport Other           Tloc           12%        N/A       16%         3
 Freezing Cloud           Conj/Ice/Air   7%         6-21      73%         5
 Dispersal                Tloc           6%         N/A       100%        6
 Sculpt Simulacrum        Ice/Alch       6%         N/A       100%        6


Dungeon Overview and Level Annotations

Branches:
Dungeon (10/15)            Temple (1/1) D:7            Lair (0/5) D:9
    Orc (0/2) D:10        Ossuary (visited)

Altars:
Ashenzari
Cheibriados
Dithmenos
Elyvilon
Fedhas
Gozag
Hepliaklqana
Kikubaaqudgha
Makhleb
Nemelex Xobeh
Okawaru
Qazlal
Ru
Sif Muna
Trog
Uskayaw
Vehumet
Wu Jian
Xom
Yredelemnul
Zin
The Shining One

Shops:
D:7 *   D:9 *

Annotations:
D:10 Urug


Innate Abilities, Weirdness & Mutations

Your serpentine skin is tough. (AC +3)
You have supernaturally acute eyesight. (SInv)
Armour fits poorly on your strangely shaped body.
Your system is resistant to poisons. (rPois)
You cover ground very slowly.
You can spit poison.
You have a snake-like lower body.


Message History

Unknown command.
Casting: Stone Arrow (safe; 1% risk of failure)
Confirm with . or Enter, or press ? or * to list all spells.
Aiming: Stone Arrow (safe; 1% risk of failure)
Press: ? - help, Shift-Dir - straight line, f/p - Urug
Aim: Urug, wielding a +0 eveningstar of draining, wearing a +0 ring mail and quivering javelins (70% to hit)
The stone arrow misses Urug.
Urug hits you with a +0 eveningstar of draining!!
You partially resist.
You feel drained.
Casting: Stone Arrow (safe; 1% risk of failure)
Confirm with . or Enter, or press ? or * to list all spells.
Aiming: Stone Arrow (safe; 1% risk of failure)
Press: ? - help, Shift-Dir - straight line, f/p - Urug
Aim: Urug, wielding a +0 eveningstar of draining, wearing a +0 ring mail and quivering javelins (70% to hit)
The stone arrow hits Urug!
Urug is lightly wounded.
Urug hits you with a +0 eveningstar of draining!
You partially resist.
You feel drained.
Casting: Stone Arrow (safe; 1% risk of failure)
Confirm with . or Enter, or press ? or * to list all spells.
Aiming: Stone Arrow (safe; 1% risk of failure)
Press: ? - help, Shift-Dir - straight line, f/p - Urug
Aim: Urug, wielding a +0 eveningstar of draining, wearing a +0 ring mail and quivering javelins (lightly wounded, 70% to hit)
The stone arrow hits Urug!
Urug is moderately wounded.
Urug hits you with a +0 eveningstar of draining!!
You partially resist.
You feel drained.
* * * LOW HITPOINT WARNING * * *
Aiming: Fastroot
Press: ? - help, Shift-Dir - straight line, f/p - Urug
Aim: Urug, wielding a +0 eveningstar of draining, wearing a +0 ring mail and quivering javelins (moderately wounded)
Okay, then.
Aiming: Corrosive Bolt
Press: ? - help, Shift-Dir - straight line, f/p - Urug
Aim: Urug, wielding a +0 eveningstar of draining, wearing a +0 ring mail and quivering javelins (moderately wounded, 64% to hit)
The bolt of acid hits Urug!
The acid corrodes Urug!
Urug is heavily wounded.
Urug hits you with a +0 eveningstar of draining!!
You die...
Urug says, "One more harpy dead."

....########..##.#
##### #..##.#
#..##.. #..####
#...# #...# #
#...####.##.#
#........>..#
##..o@.....#
##.###....# #)#
#...# #.. ..# #
#.. # ### #..#
...# .>.. ...#
#.o# .....


You could see Urug (corroded).

Vanquished Creatures
  A two-headed ogre (D:9)
  A kobold demonologist (D:10)
  A hornet (D:8)
  A shadow (D:9)
  A wyvern (D:9)
  5 steam dragons
  Edmund (D:5)
  2 water moccasins
  Duvessa (D:6)
  2 orc warriors
  3 ice beasts
  A sky beast (D:6)
  2 black bears
  An ogre (D:6)
  5 phantoms
  A centaur (D:10)
  An elf zombie (Ossuary)
  2 kobold brigands
  5 scorpions
  A bullfrog (D:9)
  5 wights (D:8)
  A burial acolyte (Ossuary)
  Dowan (D:6)
  3 killer bees (D:10)
  6 howler monkeys
  A centaur zombie (Ossuary)
  3 human zombies (Ossuary)
  5 orc priests
  2 bombardier beetles
  2 hounds (D:6)
  2 jellies (D:6)
  2 sleepcaps
  A spectral scorpion (Ossuary)
  A gnoll bouda (D:6)
  Terence (D:3)
  Jessica (D:3)
  4 iguanas
  Natasha (thrice) (D:3)
  3 orc wizards
  A crocodile zombie (Ossuary)
  A hound zombie (Ossuary)
  A hound skeleton (D:3)
  3 mummies (Ossuary)
  4 gnolls (D:6)
  8 adders
  A shadow imp (D:6)
  9 adder zombies
  4 dart slugs
  5 ribbon worms
  46 orcs
  5 endoplasms
  11 giant cockroaches
  14 goblins
  7 hobgoblins
  2 quokkas
  10 ball pythons
  4 ball python zombies
  4 bats
  2 frilled lizards
  A giant cockroach zombie (D:3)
  5 jackal zombies (Ossuary)
  10 kobolds
  3 kobold zombies (Ossuary)
  3 orc zombies (Ossuary)
  4 rats
253 creatures vanquished.

Vanquished Creatures (others)
  2 kobolds (D:9)
2 creatures vanquished.

Grand Total: 255 creatures vanquished

Notes
Turn   | Place    | Note
-------+----------+-------------------------------------------
     0 | D:1      | Atlas the Naga Earth Elementalist began the quest for the
                  | Orb.
     0 | D:1      | Reached XP level 1. HP: 15/15 MP: 3/3
   386 | D:1      | Reached XP level 2. HP: 22/22 MP: 3/5
  1012 | D:1      | Reached XP level 3. HP: 28/28 MP: 3/6
  1529 | D:2      | Learned a level 3 spell: Passwall
  1533 | D:2      | Learned a level 3 spell: Stone Arrow
  1703 | D:2      | Reached XP level 4. HP: 36/36 MP: 6/8
  2338 | D:3      | Noticed Natasha
  2341 | D:3      | Killed Natasha
  2342 | D:3      | Reached skill level 1 in Armour
  2392 | D:3      | Reached XP level 5. HP: 40/42 MP: 5/9
  2458 | D:3      | Noticed Jessica
  2459 | D:3      | Killed Jessica
  2580 | D:3      | Found a blossoming altar of Fedhas.
  2580 | D:3      | Found a sparkling altar of Nemelex Xobeh.
  2581 | D:3      | Noticed Terence
  2590 | D:3      | Killed Terence
  2663 | D:3      | Noticed Natasha
  2667 | D:3      | Killed Natasha
  2768 | D:3      | Reached XP level 6. HP: 49/50 MP: 7/11
  3007 | D:3      | Found a bloodstained altar of Trog.
  3037 | D:3      | You fall into a shaft and drop 2 floors!
  3037 | D:5      | Entered Level 5 of the Dungeon
  3044 | D:5      | Noticed an ice beast
  3052 | D:5      | Killed an ice beast
  3069 | D:5      | Reached skill level 5 in Earth Magic
  3069 | D:5      | Reached XP level 7. HP: 25/56 MP: 3/13
  3105 | D:5      | Found a sand-covered staircase.
  3110 | Ossuary  | Entered an ossuary
  3673 | Ossuary  | Reached skill level 5 in Spellcasting
  3934 | D:5      | Reached XP level 8. HP: 63/63 MP: 11/16
  3976 | D:5      | Reached skill level 1 in Fighting
  4160 | D:5      | Noticed Edmund
  4166 | D:5      | Killed Edmund
  4486 | D:3      | Noticed Natasha
  4488 | D:3      | Killed Natasha
  6208 | D:6      | Noticed Duvessa
  6209 | D:6      | Reached XP level 9. HP: 54/70 MP: 13/19
  6275 | D:6      | Killed Duvessa
  6320 | D:6      | Found an ornate altar of the Wu Jian Council.
  6351 | D:6      | Noticed Dowan
  6360 | D:6      | Killed Dowan
  7250 | D:6      | Reached skill level 1 in Maces & Flails
  7588 | D:7      | Found a glowing silver altar of Zin.
  7680 | D:7      | Reached XP level 10. HP: 78/79 MP: 18/23
  7757 | D:7      | Learned a level 4 spell: Airstrike
  7842 | D:7      | Found a staircase to the Ecumenical Temple.
  7859 | Temple   | Entered the Ecumenical Temple
  7883 | Temple   | Became a worshipper of Cheibriados the Contemplative
  7989 | D:7      | Found an opulent altar of Gozag.
  7996 | D:7      | Found Gozag's Platinum Reserve.
  8089 | D:7      | Found a white marble altar of Elyvilon.
  9058 | D:8      | Reached * piety under Cheibriados
  9667 | D:9      | Found a sacrificial altar of Ru.
  9673 | D:9      | Reached skill level 10 in Spellcasting
  9758 | D:9      | Found a staircase to the Lair.
  9891 | D:9      | Learned a level 3 spell: Mephitic Cloud
 10256 | D:9      | Found Amicwoento's Neck Hole.
 10266 | D:9      | Bought an amulet of faith for 560 gold pieces
 10266 | D:9      | Bought a +0 cloak for 63 gold pieces
 10281 | D:9      | Noticed a two-headed ogre
 10308 | D:9      | Killed a two-headed ogre
 10309 | D:9      | Reached skill level 10 in Earth Magic
 10745 | D:10     | Entered Level 10 of the Dungeon
 10835 | D:10     | Found a staircase to the Orcish Mines.
 10841 | D:10     | Reached ** piety under Cheibriados
 11195 | D:10     | Noticed a kobold demonologist
 11201 | D:10     | Killed a kobold demonologist
 11201 | D:10     | Noticed Urug
 11210 | D:10     | Slain by Urug

Illustrated notes

Levels and vault maps discovered:
D:1:      dpeg_arrival_solitude, layout_basic, wad_floor_pattern_untrapped
D:2:      layout_basic
D:3:      layout_basic, mainiacjoe_overflow_tiny_flanked,
          chequers_temple_overflow_statue_of_worship, serial_undead,
          serial_undead_b, serial_undead_c, serial_undead_f, serial_undead_e,
          uniq_terence, uniq_jessica, uniq_natasha
D:4:      layout_basic
D:5:      kennysheep_steamy, layout_basic, nicolae_ossuary_entry_plus,
          uniq_edmund
D:6:      minmay_polygon_palace, layout_loops_ring, lemuel_tele_altar,
          uniq_duvessa
D:7:      layout_rooms, zin_statuary, nicolae_elyvilon_temple_path,
          nicolae_gozag_zags_fifth_avenue, minmay_temple_entry_glass
D:8:      layout_cave_pods, serial_bayou_pond_d, minmay_misc_feat_tiny,
          lightli_orcish_oven
D:9:      layout_cave_pods, mainiacjoe_overflow_chevrons, lair_entry_dummy,
          nicolae_shop_sticking_my_neck_out
D:10:     lemuel_slime, layout_loops_ring, david_orc_2, uniq_urug
Temple:   nicolae_temple_great_sept

Skill      XL: |  1  2  3  4  5  6  7  8  9 10 |
---------------+-------------------------------+-----
Spellcasting   | 3 4 5 7 9 10 | 10.4
Armour         | 1 2 |  2.5
Earth Magic    | 4 5 6 7 8 10 | 10.1
Stealth        | 4 |  4.6
Fighting       | 1 2 |  2.1
Dodging        | 2 3 |  3.4
Maces & Flails | 1 |  1.9
Conjurations   | |  1.7

Action                     |  1- 3 |  4- 6 |  7- 9 | 10-12 || total
---------------------------+-------+-------+-------+-------++-------
  Melee: Unarmed           |    13 |       |       |       ||    13
         Whip              |       |    14 |    17 |       ||    31
         Dire flail        |       |       |    11 |    27 ||    38
   Cast: Sandblast         |    54 |    67 |   266 |    74 ||   461
         Stone Arrow       |       |       |       |    18 ||    18
Ability: Spit Poison       |       |     1 |     1 |     2 ||     4
  Evoke: Wand              |       |       |       |     1 ||     1
    Use: Potion            |       |       |       |     1 ||     1
 Armour: Robe              |     2 |       |       |       ||     2
         Leather armour    |    30 |    44 |    96 |       ||   170
         Steam dragon scal |       |       |    46 |   122 ||   168
  Dodge: Dodged            |    27 |    26 |    78 |    75 ||   206

Table legend: (Time is in decaauts)
 A = Elapsed time spent in this place.
 B = Non-inter-level travel time spent in this place.
 C = Inter-level travel time spent in this place.
 D = Time resting spent in this place.
 E = Time spent auto-exploring this place.
 F = Levels seen in this place.
 G = Mean time per level.
                   A        B        C        D        E       F      G
               +--------+--------+--------+--------+--------+-----+--------+
         Total |  15013 |  14567 |    446 |    467 |  12120 |  12 | 1251.1 |
       Dungeon |  14043 |  13616 |    427 |    467 |  11449 |  10 | 1404.3 |
        Temple |     52 |     34 |     18 |      0 |      0 |   1 |   52.0 |
       Ossuary |    918 |    918 |      0 |      0 |    671 |   1 |  918.0 |
               +--------+--------+--------+--------+--------+-----+--------+

Top non-repeatable levels by time:
     D:8: 1899 daAuts
     D:9: 1846 daAuts
     D:6: 1748 daAuts
     D:1: 1691 daAuts
     D:3: 1650 daAuts
     D:5: 1481 daAuts
     D:2: 1288 daAuts
     D:7: 1072 daAuts
 Ossuary: 918 daAuts
    D:10: 709 daAuts
     D:4: 654 daAuts
  Temple: 52 daAuts
